 Dungeon Crawl Stone Soup version 0.28.0-47-ge53b351184 (webtiles) character file.

Game seed: 3191407595415302104

1584 Mithrael the Skirmisher (level 8, -6/80 HPs)
             Began as a Naga Fighter on Apr 28, 2022.
             Was a Follower of Okawaru.
             Mangled by a two-headed ogre
             ... wielding a +0 giant spiked club
              (14 damage)
             ... on level 7 of the Dungeon.
             The game lasted 00:30:15 (7139 turns).

Mithrael the Skirmisher (Naga Fighter)              Turns: 7139, Time: 00:30:15

Health: -6/80      AC:  9    Str: 21    XL:     8   Next: 92%
Magic:  10/10      EV:  4    Int:  8    God:    Okawaru [*.....]
Gold:   242        SH: 17    Dex: 11    Spells: 7/7 levels left

rFire   . . .      SeeInvis +   n - +2 flail (venom)
rCold   . . .      Faith    .   k - +0 tower shield
rNeg    . . .      Spirit   .   b - +0 scale mail
rPois   +          Reflect  +   m - +1 helmet
rElec   .          Harm     .   (no cloak)
rCorr   .          Rampage  .   f - +0 pair of gloves {hurl}
Will    +....                   (no barding)
Stlth   ..........              d - amulet of reflection
HPRegen 0.23/turn               (no ring)
MPRegen 0.12/turn               (no ring)

@: very slow
A: AC +2, large, see invisible, deformed body, poison resistance, slowness 2,
spit poison 1, naga tail 1
a: Spit Poison, Renounce Religion, Heroism


You were on level 7 of the Dungeon.
You worshipped Okawaru.
Okawaru was aware of your devotion.
You visited 1 branch of the dungeon, and saw 7 of its levels.

You collected 242 gold pieces.

Inventory:

Hand Weapons
 a - a +0 war axe
 n - a +2 flail of venom (weapon)
Armour
 b - a +0 scale mail (worn)
 c - a +0 chain mail
 f - a +0 pair of gloves of hurling (worn)
 k - a +0 tower shield (worn)
 m - a +1 helmet (worn)
Jewellery
 d - an amulet of reflection (around neck)
Wands
 e - a wand of mindburst (9)
 h - a wand of acid (4)
Scrolls
 g - 2 scrolls of fog
 l - 6 scrolls of identify
 o - a scroll of teleportation {unknown}
Potions
 i - a potion of ambrosia
 p - a potion of mutation {unknown}


   Skills:
 + Level 7.2 Fighting
 + Level 7.0 Axes
 - Level 2.4 Armour
 - Level 4.3 Shields
 - Level 3.3 Invocations


You had 7 spell levels left.
You didn't know any spells.
Your spell library contained the following spells:

 Spells                   Type           Power      Damage    Failure   Level
 Beastly Appendage        Tmut           0%         N/A       100%        1
 Magic Dart               Conj           0%         1d3       100%        1
 Shock                    Conj/Air       0%         1d3       100%        1
 Blink                    Tloc           0%         N/A       100%        2
 Wereblood                Tmut           0%         N/A       100%        2
 Mephitic Cloud           Conj/Pois/Air  0%         N/A       100%        3
 Portal Projectile        Hex/Tloc       0%         N/A       100%        3
 Spider Form              Tmut/Pois      0%         N/A       100%        3
 Swiftness                Air            0%         N/A       100%        3
 Airstrike                Air            0%         N/A       100%        4
 Blade Hands              Tmut           0%         N/A       100%        5
 Excruciating Wounds      Necr           0%         N/A       100%        5
 Freezing Cloud           Conj/Ice/Air   0%         6-21      100%        5
 Manifold Assault         Tloc           0%         N/A       100%        5
 Storm Form               Tmut/Air       0%         N/A       100%        7
 Polar Vortex             Ice            0%         N/A       100%        9
 Call Imp                 Summ           Unusable   N/A       N/A         2
 Simulacrum               Ice/Necr       Unusable   N/A       N/A         6

Dungeon Overview and Level Annotations

Branches:
Dungeon (7/15)
 Temple: D:4-7

Altars:
Fedhas
Okawaru

Shops:
D:2 :   D:5 [

Annotations:
D:5 1 runed translucent door


Innate Abilities, Weirdness & Mutations

Your serpentine skin is tough. (AC +2)
You have supernaturally acute eyesight. (SInv)
Armour fits poorly on your strangely shaped body.
Your system is resistant to poisons. (rPois)
You cover ground very slowly.
You can spit poison.
You have a snake-like lower body.


Message History

Aiming: Corrosive Bolt
Press: ? - help, Shift-Dir - straight line, f/p - two-headed ogre
Aim: a two-headed ogre, wielding two +0 giant spiked clubs (lightly wounded, poisoned, 86% to hit)
The bolt of acid hits the two-headed ogre!
The acid corrodes the two-headed ogre!
The two-headed ogre is moderately wounded.
Aiming: Corrosive Bolt
Press: ? - help, Shift-Dir - straight line, f/p - two-headed ogre
Aim: a two-headed ogre, wielding two +0 giant spiked clubs (moderately wounded, poisoned, covered in acid, 86% to hit)
The bolt of acid hits the two-headed ogre!
The two-headed ogre is heavily wounded.
The two-headed ogre looks more healthy.
You can't do that yet.
You hit the two-headed ogre.
The two-headed ogre is poisoned.
The two-headed ogre is heavily wounded.
You have got your breath back.
You block the two-headed ogre's attack.
The two-headed ogre hits you with a +0 giant spiked club!!
Aiming: Spit Poison (1% risk of failure)
Press: ? - help, Shift-Dir - straight line, f/p - two-headed ogre
Aim: a two-headed ogre, wielding two +0 giant spiked clubs (heavily wounded, very poisoned, covered in acid, 83% to hit)
The splash of poison hits the two-headed ogre!
The two-headed ogre looks even sicker.
The two-headed ogre is severely wounded.
The two-headed ogre hits you with a +0 giant spiked club!!
You block the two-headed ogre's attack.
You see here a +0 short sword.
You have got your breath back.
The two-headed ogre hits you with a +0 giant spiked club!
* * * LOW HITPOINT WARNING * * *
The two-headed ogre hits you with a +0 giant spiked club!
* * * LOW HITPOINT WARNING * * *
You feel better.
Okay, then.
You hit the two-headed ogre.
The two-headed ogre looks as sick as possible!
The two-headed ogre is almost dead.
The two-headed ogre is no longer covered in acid.
The two-headed ogre hits you with a +0 giant spiked club!
You die...

###
###...######
......'..O.#
###...####@#
#.. #.# #.
#.# # ####.#
#....#
########)...#
#...........#
#.#####.....#
#.# #.....#


You could see a two-headed ogre (extremely poisoned).

Vanquished Creatures
  Grinder (D:3)
  Menkaure (D:4)
  Duvessa (D:4)
  A black bear (D:6)
  2 ogres (D:5)
  A phantom (D:6)
  A bullfrog (D:5)
  2 gnoll sergeants
  A water moccasin skeleton (D:4)
  Dowan (D:4)
  2 bullfrog zombies
  A jelly (D:4)
  2 hounds
  4 iguanas
  Terence (D:2)
  A killer bee zombie (D:6)
  Robin (D:2)
  9 gnolls
  8 adders
  2 adder skeletons (D:4)
  2 worms
  3 dart slugs
  2 orcs
  10 bats
  11 endoplasms
  2 giant cockroaches (D:3)
  17 goblins
  5 hobgoblins
  4 jackals (D:3)
  4 kobolds
  3 quokkas
  10 ball pythons
  3 frilled lizards
  5 rats
124 creatures vanquished.

Notes
Turn   | Place    | Note
-------+----------+-------------------------------------------
     0 | D:1      | Mithrael the Naga Fighter began the quest for the Orb.
     0 | D:1      | Reached XP level 1. HP: 21/21 MP: 1/1
   129 | D:1      | Reached XP level 2. HP: 22/28 MP: 2/2
   519 | D:1      | Reached XP level 3. HP: 32/34 MP: 3/3
   880 | D:1      | Found a faded altar of an unknown god.
  1093 | D:2      | Noticed Robin
  1304 | D:2      | Found a blossoming altar of Fedhas.
  1497 | D:2      | Reached XP level 4. HP: 34/43 MP: 4/4
  1874 | D:2      | Found Woceurr's Book Boutique.
  1898 | D:2      | Noticed Terence
  1912 | D:2      | Killed Terence
  2175 | D:2      | Killed Robin
  2218 | D:2      | Reached XP level 5. HP: 42/50 MP: 5/5
  2480 | D:3      | Noticed Grinder
  2497 | D:3      | Paralysed by Grinder for 6 turns
  2508 | D:3      | Paralysed by Grinder for 2 turns
  2510 | D:3      | Killed Grinder
  2511 | D:3      | Reached XP level 6. HP: 17/58 MP: 6/6
  3836 | D:4      | Noticed Menkaure
  3847 | D:4      | Identified a scroll of acquirement
  3847 | D:4      | Acquired a +0 pair of gloves of hurling
  3859 | D:4      | Killed Menkaure
  3860 | D:4      | Reached skill level 5 in Fighting
  3860 | D:4      | Reached skill level 5 in Axes
  3860 | D:4      | Reached XP level 7. HP: 17/67 MP: 7/7
  4120 | D:4      | Found an iron altar of Okawaru.
  4147 | D:4      | Noticed Dowan
  4148 | D:4      | Noticed Duvessa
  4154 | D:4      | Killed Duvessa
  4170 | D:4      | Killed Dowan
  4453 | D:4      | Became a worshipper of Warmaster Okawaru
  5307 | D:5      | Entered Level 5 of the Dungeon
  5534 | D:5      | Found Qaupnes's Armour Boutique.
  5556 | D:5      | Reached XP level 8. HP: 76/76 MP: 8/8
  5765 | D:5      | Found a runed translucent door.
  6049 | D:5      | Reached * piety under Okawaru
  6253 | D:5      | Reached skill level 1 in Invocations
  7129 | D:7      | Noticed a two-headed ogre
  7137 | D:7      | HP: 2/80 [two-headed ogre/+0 giant spiked club (12)]
  7139 | D:7      | Mangled by a two-headed ogre

Illustrated notes

Levels and vault maps discovered:
D:1:      eino_arrival_cavern_b, layout_loops_ring,
          shapermc_ecumenical_altar_hornbeckon, minmay_small_reverse_x
D:2:      layout_rooms, serial_shops, shop, basic_altar, kennysheep_doodads,
          minmay_cut_off, uniq_terence, uniq_robin
D:3:      layout_basic, uniq_grinder
D:4:      layout_basic, okawaru_ov_weapons_minmay, uniq_menkaure, uniq_duvessa
D:5:      layout_rooms, serial_shops, nicolae_take_the_stairs,
          lightli_church_of_beogh
D:6:      layout_rooms, eino_small_chamber_without_monster
D:7:      layout_basic, minmay_temple_entry_mist,
          nicolae_ossuary_entry_monument, solitary_fountain

Skill      XL: |  1  2  3  4  5  6  7  8 |
---------------+-------------------------+-----
Axes           | 3 4 5 7 |  7.0
Shields        | 3 4 |  4.3
Fighting       | 4 5 6 7 |  7.2
Invocations    | 3 |  3.3
Armour         | |  2.4

Action                   |  1- 3 |  4- 6 |  7- 9 || total
-------------------------+-------+-------+-------++-------
Melee: War axe           |   102 |   118 |   129 ||   349
       Flail             |       |       |    23 ||    23
 Abil: Spit Poison       |    10 |    22 |    23 ||    55
Evoke: Wand              |       |       |    10 ||    10
  Use: Potion            |       |     4 |     1 ||     5
       Scroll            |       |    12 |       ||    12
Armor: Scale mail        |    69 |    33 |    58 ||   160
       Ring mail         |       |     8 |     1 ||     9
Dodge: Dodged            |    23 |    20 |    26 ||    69
Block: Buckler           |    11 |       |       ||    11
       Tower shield      |    48 |   103 |   193 ||   344
       Reflection        |       |       |     1 ||     1
